 Dungeon Crawl Stone Soup version 0.18.1-5-g4a78601 (webtiles) character file.

100 shmeve the Chopper (level 4, 40/40 HPs)
             Began as a Minotaur Berserker on May 11, 2016.
             Was a Priest of Trog.
             Quit the game on level 3 of the Dungeon.
             The game lasted 00:03:57 (2125 turns).

shmeve the Chopper (Minotaur Berserker)             Turns: 2125, Time: 00:03:58

Health: 40/40      AC:  0    Str: 22    XL:     4   Next: 46%
Magic:  3/3        EV: 12    Int:  5    God:    Trog [***...]
Gold:   87         SH:  0    Dex:  9    Spells: 0 memorised, 3 levels left

rFire  . . .     SeeInvis .     a - +0 hand axe
rCold  . . .     Gourm    .     b - +0 animal skin
rNeg   . . .     Faith    .     (no shield)
rPois  .         Spirit   .     (helmet restricted)
rElec  .         Dismiss  +     (no cloak)
rCorr  .         Reflect  .     (no gloves)
SustAt +         Harm     .     (no boots)
MR     .....                    n - amulet of dismissal (curse)
Stlth  +.........               o - -2 ring of protection (curse)
                                i - ring of sustain attributes

@: not resistant to hostile enchantments, very unstealthy
A: retaliatory headbutt, horns 2
a: Berserk, Trog's Hand, Burn Spellbooks, Renounce Religion


You were on level 3 of the Dungeon.
You worshipped Trog.
Trog was most pleased with you.
You were not hungry.

You visited 1 branch of the dungeon, and saw 3 of its levels.

You collected 87 gold pieces.

Inventory:

Hand Weapons
 a - a +0 hand axe (weapon)
Armour
 b - a +0 animal skin (worn)
Jewellery
 i - a ring of sustain attributes (left hand)
 n - a cursed amulet of dismissal (around neck)
 o - a cursed -2 ring of protection (right hand)
Scrolls
 h - 2 scrolls of magic mapping {unknown}
 l - a scroll of fog {unknown}
Potions
 d - a potion of resistance {unknown}
 e - a potion of mutation {unknown}
 f - a potion of agility {unknown}
 g - a potion of curing {unknown}
Comestibles
 c - 4 bread rations
 j - 2 meat rations
 k - a beef jerky
 m - a chunk of flesh


   Skills:
 * Level 4.2 Fighting
 * Level 5.1 Axes
 + Level 3.3 Armour
 + Level 2.8 Dodging


You had 3 spell levels left.
You didn't know any spells.

Dungeon Overview and Level Annotations

Branches:
Dungeon (3/15)

Altars:
Ru


Innate Abilities, Weirdness & Mutations

You reflexively headbutt those who attack you in melee.
You have a pair of horns on your head.


Message History

You see here a stone.
n - a lumpy peridot amulet You see here a stone.
Put on which piece of jewellery? (? for menu, Esc to quit)
The world spins around you!
Oops, that amulet feels deathly cold.
n - a cursed amulet of dismissal (around neck)
The world stops spinning.
You now have 75 gold pieces (gained 8).
o - a silver ring
Found an escape hatch in the ceiling.
You now have 87 gold pieces (gained 12).
HP restored.
Found a stone staircase leading down.
Put on which piece of jewellery? (? for menu, Esc to quit)
Oops, that ring feels deathly cold.
o - a cursed -2 ring of protection (right hand)
Found a stone staircase leading up.
Found 10 poisoned needles.
Are you sure you want to abandon this character and quit the game? (Confirm with "yes".)

.........
<..(.
##.##.... #..
.....
#.#..#.. #..
#.#.#
........ ..#
#.#.#
#.#.##.. ..
#.#.#
.........
#.##.#.#
.........
#..#.#.###.#
####..
#.#.@.....#
#..
#..##.#####
#..
##.........
#.. #..#.####
#..
..####.#.#
#.#
..........#
#.#
..#####...###
#..
..........#
###
..........#
###


There were no monsters in sight!

Vanquished Creatures
  2 adders
  An ooze (D:2)
  A worm (D:2)
  2 dart slugs
  2 giant geckos
  An orc (D:2)
  4 ball pythons
  8 bats
  3 giant cockroaches
  8 goblins
  6 hobgoblins
  9 jackals
  3 giant newts
  7 kobolds
  6 rats
63 creatures vanquished.

Notes
Turn   | Place    | Note
--------------------------------------------------------------
     0 | D:1      | shmeve the Minotaur Berserker began the quest for the Orb.
     0 | D:1      | Reached XP level 1. HP: 19/19 MP: 0/0
   435 | D:1      | Reached XP level 2. HP: 26/26 MP: 1/1
   448 | D:1      | Reached skill level 4 in Axes
   700 | D:1      | Reached ** piety under Trog
   700 | D:1      | Reached XP level 3. HP: 21/33 MP: 2/2
  1396 | D:2      | Reached XP level 4. HP: 40/40 MP: 3/3
  1525 | D:2      | Found a sacrificial altar of Ru.
  2003 | D:3      | Reached skill level 5 in Axes
  2004 | D:3      | Reached *** piety under Trog
  2125 | D:3      | Quit the game

Skill      XL: |  1  2  3  4 |
---------------+-------------+-----
Axes           | 4 5 |  5.1
Armour         | 3 |  3.3
Fighting       | 4 |  4.2
Dodging        | |  2.8

Action                   |  1- 3 |  4- 6 || total
-------------------------+-------+-------++-------
Melee: Hand axe          |    86 |    28 ||   114
       Headbutt          |    12 |     3 ||    15
  Eat: Chunk             |     1 |     3 ||     4
Armor: Animal skin       |    14 |     3 ||    17
Dodge: Dodged            |    81 |    28 ||   109
